 Dungeon Crawl Stone Soup version 0.21-a0-522-ga8338f0 (webtiles) character file.

476 Firecrotchwizard the Ruffian (level 6, 0/59 HPs)
             Began as a Troll Monk on Dec 7, 2017.
             Slain by an orc warrior
             ... wielding a +0 trident
              (14 damage)
             ... on level 4 of the Dungeon.
             The game lasted 00:06:18 (2487 turns).

Firecrotchwizard the Ruffian (Troll Monk)           Turns: 2487, Time: 00:06:19

Health: 0/59       AC:  5    Str: 20    XL:     6   Next: 85%
Magic:  5/5        EV: 10    Int:  6    God:
Gold:   167        SH:  0    Dex: 14    Spells: 5/5 levels left

rFire    . . .     SeeInvis .     - Unarmed
rCold    + . .     Gourm    +   (no shield)
rNeg     . . .     Faith    .   a - +0 robe
rPois    .         Spirit   .   (helmet restricted)
rElec    .         Reflect  .   l - scarf {repulsion}
rCorr    .         Harm     .   (gloves unavailable)
MR       .....                  (boots unavailable)
Stlth    +.........             (no amulet)
HPRegen  0.59/turn              h - ring of protection from cold {rC+, !d}
MPRegen  0.09/turn              (no ring)

@: drained, repel missiles
A: large, unfitting armour, claws 3, fast metabolism 3, gourmand, regeneration
1, shaggy fur 1, tough skin 2
a: no special abilities


You were on level 4 of the Dungeon.
You were very full.

You visited 1 branch of the dungeon, and saw 4 of its levels.
You also visited: Sewer.

You collected 167 gold pieces.

Inventory:

Missiles
 p - a throwing net {=f, !d}
Armour
 a - a +0 robe (worn)
 l - a scarf of repulsion (worn)
   (You found it on level 1 of the Dungeon)
 q - a +1 large shield
   (You found it on level 3 of the Dungeon)
Jewellery
 h - a ring of protection from cold (left claw) {rC+, !d}
   (You found it on level 4 of the Dungeon)
Scrolls
 c - a scroll of blinking {!r}
 d - a scroll of enchant armour
 j - a scroll of identify
 k - 4 scrolls of enchant weapon
Potions
 g - a potion of flight
 i - a potion of heal wounds {unknown}
 m - a potion of berserk rage {unknown}
 s - 2 potions of agility {unknown}
 u - a potion of lignification {unknown}
Miscellaneous
 e - a fan of gales
   (You found it in a sewer)
Comestibles
 b - 8 bread rations {@e1}
 f - 2 meat rations {@e2}
 n - a royal jelly
 o - 4 fruits


   Skills:
 - Level 2.4(1.7) Fighting
 - Level 2.4(1.7) Dodging
 - Level 1.0(0.3) Stealth
 * Level 7.8(7.1) Unarmed Combat


You had 5 spell levels left.
You didn't know any spells.

Dungeon Overview and Level Annotations

Branches:
Dungeon (4/15)
 Temple: D:4-7

Altars:
Trog


Innate Abilities, Weirdness & Mutations

You are too large for most types of armour.
You have claws for hands.
Your metabolism is lightning-fast.
You like to eat raw meat.
Your natural rate of healing is unusually fast.
You are covered in fur. (AC +1)
You have very tough skin. (AC +2)


Message History

You hear the slow hiss of a very distant avalanche of sand.
The helpless worker ant fails to defend itself.
You claw the worker ant! The worker ant bites you.
You take 3 damage, and have 56/59 hp.
You barely miss the worker ant. Your claw misses the worker ant.
The worker ant barely misses you.
You claw the worker ant!
You kill the worker ant!
You butcher the worker ant corpse.
h - a chunk of flesh {@w0} Your magical contamination has completely faded away.
Eating a chunk of flesh {@w0}.
You eat the chunk of flesh {@w0}.
This raw flesh tastes great.
Found an escape hatch in the floor.
Health restored: 59
h - a runed glass ring
h - a ring of protection from cold (left claw) Manman's ghost (amateur Draconian Gladiator) comes into view.
Manman's ghost turns its malevolent gaze towards you.
Here: Manman's ghost The floor.
Manman's ghost hits you.
You take 5 damage, and have 54/59 hp.
You closely miss Manman's ghost. Manman's ghost closely misses you.
You closely miss Manman's ghost. Manman's ghost barely misses you.
You closely miss Manman's ghost. Manman's ghost hits you.
You take 5 damage, and have 50/59 hp.
You closely miss Manman's ghost. You mangle Manman's ghost!!
Manman's ghost closely misses you.
You miss Manman's ghost. Manman's ghost hits you!
You take 10 damage, and have 41/59 hp.
You scratch Manman's ghost but do no damage.
Manman's ghost hits you.
You take 2 damage, and have 39/59 hp.
You claw Manman's ghost! Manman's ghost hits you!
You take 13 damage, and have 26/59 hp.
MASSIVE DAMAGE!!
You miss Manman's ghost.
Manman's ghost hits you but does no damage.
You claw Manman's ghost!
You destroy Manman's ghost!
You start resting.
You hear the slow hiss of a very distant avalanche of sand.
You regained 12 hp, and now have 39/59 hp.
You start resting.
A leopard gecko comes into view.
You regained 8 hp, and now have 47/59 hp.
Unknown command.
The leopard gecko hisses angrily.
The leopard gecko moves out of view.
An orc wizard comes into view. It is wielding a dagger of draining.
An orc warrior comes into view. It is wielding a trident.
An orc comes into view. It is wielding a morningstar.
An orc comes into view. It is wielding a war axe.
The orc warrior shouts!
The orc shouts!
The orc wizard shouts!
The orc shouts!
The leopard gecko closely misses you.
The leopard gecko bites you but does no damage.
You completely miss the leopard gecko.
The orc warrior hits you from afar with a trident!
The leopard gecko bites you but does no damage.
You take 15 damage, and have 34/59 hp.
MASSIVE DAMAGE!!
The orc wizard mumbles some strange words.
The orc wizard blinks!
The leopard gecko bites you.
You take 2 damage, and have 34/59 hp.
The orc wizard gestures wildly while chanting.
The orc wizard blinks!
You barely miss the orc wizard.
The orc wizard casts a spell.
The orc wizard seems to speed up.
The leopard gecko bites you but does no damage.
You barely miss the orc wizard. The orc wizard casts a spell at you.
The magic dart hits you! The leopard gecko bites you.
The orc wizard hits you with a dagger of draining.
You feel drained.
You take 17 damage, and have 19/59 hp.
MASSIVE DAMAGE!!
You claw the orc wizard!
The leopard gecko bites you but does no damage.
The orc warrior hits you but does no damage.
The orc wizard hits you but does no damage.
You feel drained.
You scratch the orc wizard but do no damage.
Your claw misses the orc wizard. The leopard gecko bites you.
The orc wizard misses you.
The orc warrior hits you from afar with a trident.
* * * LOW HITPOINT WARNING * * *
You take 5 damage, and have 15/59 hp.
You closely miss the orc wizard.
The orc wizard hits you but does no damage.
You feel drained. The leopard gecko bites you.
* * * LOW HITPOINT WARNING * * *
The orc wizard closely misses you.
You take 1 damage, and have 14/59 hp.
You scratch the orc wizard. Your claw misses the orc wizard.
The orc warrior hits you from afar with a trident!
You die...

#.# #.#
++########.#
......oo...#
#......###o#
#...... #o#
....... #o#
#...... #l#
#...... #@#
#....## #o#
#.... #.# ######
#.# #....# #.#
#....# #.#
#....# #.#
#....###.#######
#....+>.........


You could see an orc warrior, an orc wizard, 2 orcs and a leopard gecko.

Vanquished Creatures
  The ghost of Manman the Poker, an amateur DrGl of Gozag (D:4)
  A crocodile (Sewer)
  An orc priest (D:3)
  Jessica (D:2)
  Natasha (twice) (D:2)
  2 worker ants
  2 adders
  An ooze (D:2)
  2 worms
  4 dart slugs
  3 leopard geckos
  4 orcs (D:3)
  2 ball pythons
  3 giant cockroaches (D:3)
  7 goblins
  8 hobgoblins
  8 jackals
  6 kobolds
  A quokka (D:3)
  3 bats
  3 frilled lizards
  11 rats
76 creatures vanquished.

Notes
Turn   | Place    | Note
-------+----------+-------------------------------------------
     0 | D:1      | Firecrotchwizard the Troll Monk began the quest for the Orb.
     0 | D:1      | Reached XP level 1. HP: 22/22 MP: 0/0
   127 | D:1      | Reached XP level 2. HP: 25/29 MP: 1/1
   655 | D:2      | Reached skill level 4 in Unarmed Combat
   655 | D:2      | Reached XP level 3. HP: 34/36 MP: 2/2
   703 | D:2      | Found a faded altar of an unknown god.
   845 | D:2      | Noticed Natasha
   867 | D:2      | Killed Natasha
   867 | D:2      | Reached skill level 5 in Unarmed Combat
   867 | D:2      | Reached XP level 4. HP: 41/44 MP: 3/3
  1050 | D:2      | Noticed Jessica
  1091 | D:2      | Noticed Natasha
  1100 | D:2      | Killed Natasha
  1435 | D:2      | Killed Jessica
  1435 | D:2      | Reached XP level 5. HP: 38/50 MP: 4/4
  1505 | D:3      | Found a glowing drain.
  1510 | D:3      | Reached skill level 6 in Unarmed Combat
  1551 | Sewer    | Entered a sewer
  1632 | Sewer    | Noticed a crocodile
  1642 | Sewer    | Killed a crocodile
  1778 | D:3      | Found a bloodstained altar of Trog.
  1903 | D:3      | Reached XP level 6. HP: 51/59 MP: 5/5
  2030 | D:3      | Reached skill level 7 in Unarmed Combat
  2424 | D:4      | Noticed Manman's ghost (amateur DrGl)
  2437 | D:4      | Killed Manman's ghost
  2472 | D:4      | Noticed an orc warrior
  2486 | D:4      | HP: 14/59 [leopard gecko (2)]
  2487 | D:4      | Slain by an orc warrior

Vault maps used:
D:1:      dpeg_arrival_central
D:2:      chequers_ecumenical_altar_lobes, first_bread, uniq_natasha,
          uniq_jessica
D:3:      cheibrodos_pilgrimage, bloody_trog, portal_sewer_entry_f,
          hangedman_abyss_or_decor_lesser_grid, minmay_statues_item
D:4:      enter_ossuary_1, kennysheep_dice
Sewer:    sewer_the_crocodile

Skill      XL: |  1  2  3  4  5  6 |
---------------+-------------------+-----
Unarmed Combat | 4 5 6 7 |  7.8
Fighting       | |  2.4
Dodging        | |  2.4
Stealth        | |  1.0

Action                   |  1- 3 |  4- 6 || total
-------------------------+-------+-------++-------
Melee: Unarmed           |    52 |   141 ||   193
       Punch             |     1 |     4 ||     5
  Use: Potion            |       |     3 ||     3
       Scroll            |       |     5 ||     5
 Stab: Sleeping          |     3 |     5 ||     8
       Distracted        |       |     1 ||     1
  Eat: Chunk             |    13 |    15 ||    28
Armor: Robe              |    19 |    35 ||    54
Dodge: Dodged            |    15 |    56 ||    71
       Deflected         |       |     1 ||     1

Table legend:
 A = Spawn XP
 B = Non-spawn XP
 C = Spawn XP percentage of total XP
 D = Spawn monster count
 E = Non-spawn monster count
 F = Spawn count percentage of total count
 G = Total turns spent on level
                    A         B        C        D         E        F      G
               +---------+---------+-------+---------+---------+-------+---------
         Total |       0 |     681 |   0.0 |       0 |      76 |   0.0 |  2487
               +---------+---------+-------+---------+---------+-------+---------
           D:1 |       0 |      26 |   0.0 |       0 |      14 |   0.0 |   645
           D:2 |       0 |     197 |   0.0 |       0 |      25 |   0.0 |   812
           D:3 |       0 |     113 |   0.0 |       0 |      29 |   0.0 |   754
           D:4 |       0 |     232 |   0.0 |       0 |       2 |   0.0 |   134
         Sewer |       0 |     113 |   0.0 |       0 |       6 |   0.0 |   142
               +---------+---------+-------+---------+---------+-------+---------

Vault maps used:
D:1:      dpeg_arrival_central
D:2:      chequers_ecumenical_altar_lobes, first_bread, uniq_natasha,
          uniq_jessica
D:3:      cheibrodos_pilgrimage, bloody_trog, portal_sewer_entry_f,
          hangedman_abyss_or_decor_lesser_grid, minmay_statues_item
D:4:      enter_ossuary_1, kennysheep_dice
Sewer:    sewer_the_crocodile

Table legend:
 A = Turns spent in this place as a percentage of turns spent in the entire game.
 B = Non-inter-level travel turns spent in this place as a percentage of non-inter-level travel turns spent in the entire game.
 C = Inter-level travel turns spent in this place as a percentage of turns spent in this place.
 D = Turns resting spent in this place as a percentage of non-inter-level travel turns spent in this place.
 E = Turns spent auto-exploring this place as a percentage of non-inter-level travel turns spent in this place.
 F = Non-inter-level travel turns spent in this place divided by the number of levels of this place that you've seen.
                   A       B       C       D       E      F
               +-------+-------+-------+-------+-------+----------------------
         Total | 100.0 | 100.0 |   2.9 |   7.0 |  72.0 | 483.2
       Dungeon |  94.3 |  94.1 |   3.0 |   7.4 |  72.8 | 568.5
         Sewer |   5.7 |   5.9 |   0.0 |   0.0 |  59.2 | 142.0
               +-------+-------+-------+-------+-------+----------------------

Table legend:
 A = Kills in this place as a percentage of kills in entire the game.
 B = Kills by you in this place as a percentage of kills by you in the entire game.
 C = Kills by friends in this place as a percentage of kills by friends in the entire game.
 D = Other kills in this place as a percentage of other kills in the entire game.
 E = Experience gained in this place as a percentage of experience gained in the entire game.
 F = Experience gained in this place divided by the number of levels of this place that you have seen.
                   A       B       C       D       E      F
               +-------+-------+-------+-------+-------+----------------------
         Total | 100.0 | 100.0 |   N/A |   N/A | 100.0 | 136.2
       Dungeon |  92.1 |  92.1 |   N/A |   N/A |  83.4 | 142.0
         Sewer |   7.9 |   7.9 |   N/A |   N/A |  16.6 | 113.0
               +-------+-------+-------+-------+-------+----------------------
